 Dungeon Crawl Stone Soup version 0.30-a0-341-g682706514a (webtiles) character file.

Game seed: 9761762041142156119

251 Shayle the Cudgeller (level 5, -4/48 HPs)
             Began as an Armataur Reaver on Nov 4, 2022.
             Slain by an orc
             ... wielding a +0 whip
              (5 damage)
             ... on level 4 of the Dungeon.
             The game lasted 00:13:16 (3085 turns).

Shayle the Cudgeller (Armataur Reaver)              Turns: 3085, Time: 00:13:17

Health: -4/48      AC:  5    Str: 17    XL:     5   Next: 88%
Magic:  7/7        EV:  9    Int: 15    God:
Gold:   511        SH:  0    Dex:  9    Spells: 6/7 levels left

rFire   . . .      SeeInvis +    a - +0 mace
rCold   . . .      Faith    .    (no shield)
rNeg    . . .      Spirit   .    g - +0 ring mail
rPois   .          Reflect  .    (no helmet)
rElec   .          Harm     .    (no cloak)
rCorr   .          Roll     +    (no gloves)
Will    .....                    (no barding)
Stlth   +.........               (no amulet)
HPRegen 0.28/turn                n - ring of see invisible
MPRegen 0.10/turn                (no ring)

@: no status effects
A: large, rugged brown scales 3, deformed body, armoured tail, roll, long
tongue, awkward tongue
a: no special abilities


You were on level 4 of the Dungeon.
You visited 1 branch of the dungeon, and saw 5 of its levels.
You also visited: Ossuary.

You collected 511 gold pieces.

Inventory:

Hand Weapons
 a - a +0 mace (weapon)
Armour
 b - a +0 leather armour
 g - a +0 ring mail (worn)
Jewellery
 n - a ring of see invisible (left hand)
Wands
 j - a wand of roots (4)
 k - a wand of flame (12)
 o - a wand of charming (8)
Scrolls
 d - 2 scrolls of summoning {unknown}
 e - 2 scrolls of brand weapon {unknown}
 f - 2 scrolls of identify {unknown}
 i - a scroll of vulnerability {unknown}
 m - a scroll of noise {unknown}
 p - 2 scrolls of fear {unknown}
Potions
 c - 3 potions of degeneration {unknown}
 h - a potion of ambrosia {unknown}
 l - a potion of might {unknown}
 q - 2 potions of heal wounds
 r - a potion of attraction {unknown}
 s - 3 potions of curing


   Skills:
 + Level 3.1 Fighting
 + Level 3.8 Maces & Flails
 + Level 2.5 Dodging
 + Level 3.2 Stealth
 - Level 1.7 Spellcasting
 - Level 2.6 Conjurations


You had 6 spell levels left.
You knew the following spells:

 Your Spells              Type           Power      Damage    Failure   Level
a - Kiss of Death         Conj/Necr      20%        2d7       24%         1

Your spell library contained the following spells:

 Spells                   Type           Power      Damage    Failure   Level
 Momentum Strike          Conj/Tloc      10%        3d8       36%         2
 Static Discharge         Conj/Air       10%        2-3/arc   36%         2
 Sandblast                Erth           2%         2d4       38%         1
 Passwall                 Tmut/Erth      0%         N/A       54%         2
 Hailstorm                Conj/Ice       5%         3d4       58%         3
 Stone Arrow              Conj/Erth      10%        3d7       58%         3
 Vhi's Electric Charge    Tloc/Air       2%         N/A       77%         3
 Arcjolt                  Conj/Air       2%         1d12      100%        5
 Lightning Bolt           Conj/Air       2%         1d14      100%        5


Dungeon Overview and Level Annotations

Branches:
Dungeon (5/15)            Ossuary (visited)
 Temple: D:4-7

Altars:


Innate Abilities, Weirdness & Mutations

You are completely covered in rugged brown scales. (AC +3, +7% HP)
Armour fits poorly on your strangely shaped body.
You have a long armoured tail.
You roll when moving toward enemies. (Rampage)
Your long tongue fully drains potion bottles. (2x potion effects)
Your tongue gives you trouble enunciating. (1.5x scroll delay)


Message History

An orc comes into view. It is wielding a +0 whip.
You roll towards the kobold!
You barely miss the kobold.
The orc wizard shouts!
An orc wizard comes into view. It is wielding a +2 dagger of speed.
The kobold closely misses you.
The orc wizard shouts!
You hit the kobold but do no damage. The kobold hits you with a +0 dagger.
You barely miss the kobold.
A hobgoblin comes into view. It is wielding a +0 sling.
The kobold closely misses you. The orc wizard casts a spell at you.
The puff of flame hits you but does no damage.
The kobold attacks as you move away! The kobold hits you but does no damage.
The orc wizard mumbles some strange words.
The orc wizard flickers and vanishes for a moment.
The kobold attacks as you move away! The kobold hits you but does no damage.
The ogre shouts!
You roll towards the ogre!
You barely miss the ogre. The ogre misses you.
The kobold hits you but does no damage.
You thump the ogre!
The ogre is moderately wounded.
The kobold barely misses you.
The ogre hits you with a +0 giant club!!
Ouch! That really hurt!
Aiming: Fastroot
Press: ? - help, Shift-Dir - straight line, f - you The roots erupt in riotous growth!
Roots grab the ogre.
Roots grab the kobold.
The grasping roots constrict the kobold.
You kill the kobold!
The grasping roots constrict the ogre!
You hit the ogre but do no damage.
The ogre is heavily wounded.
The grasping roots constrict the ogre!
The roots release their grip on the ogre.
The ogre hits you with a +0 giant club!!
* * * LOW HITPOINT WARNING * * *
The orc hits you with a +0 whip.
You die...

..##........
#.. ..#
.......O.
.##..#####.#
...... <.....
##.........
.... #.#.J#
#..########
.... ......
......... ...
#.###.
.######## #.. #
...##### #.#
#......# #O#
#......# #@#
#......# #o# .#
#......# #.# .#
#......# #.# .#
##'#.(.#
#g#######.# .
#.#...#
#...o...g.###..
#.#...#
#####..........
#.#...#
#...o......
#.#...#
#..........


You could see an ogre, an orc and a hobgoblin.

Vanquished Creatures
  8 mummies
  5 adders
  5 worms
  8 orcs
  3 ball pythons
  6 endoplasms
  3 giant cockroaches
  A gnoll zombie (Ossuary)
  6 goblins
  4 hobgoblins
  4 jackals (D:1)
  6 kobolds
  4 bats
  3 frilled lizards
  3 hobgoblin zombies (Ossuary)
  A kobold zombie (Ossuary)
  2 orc zombies (Ossuary)
  2 rats (D:3)
74 creatures vanquished.

Vanquished Creatures (collateral kills)
  A mummy (Ossuary)
1 creature vanquished.

Vanquished Creatures (others)
  An orc zombie (Ossuary)
1 creature vanquished.

Grand Total: 76 creatures vanquished

Notes
Turn   | Place    | Note
-------+----------+-------------------------------------------
     0 | D:1      | Shayle the Armataur Reaver began the quest for the Orb.
     0 | D:1      | Reached XP level 1. HP: 18/18 MP: 3/3
   293 | D:1      | Reached XP level 2. HP: 25/25 MP: 4/4
   412 | D:1      | Reached skill level 1 in Stealth
   599 | D:2      | Reached XP level 3. HP: 13/30 MP: 5/5
  1553 | D:2      | Reached XP level 4. HP: 35/39 MP: 6/6
  2393 | D:4      | Noticed an ogre
  2413 | D:5      | Entered Level 5 of the Dungeon
  2544 | D:4      | Found a sand-covered staircase.
  2550 | D:4      | Reached XP level 5. HP: 43/44 MP: 7/7
  2553 | Ossuary  | Entered an ossuary
  3085 | D:4      | HP: 1/48 [ogre/+0 giant club (23)]
  3085 | D:4      | Slain by an orc

Illustrated notes

Levels and vault maps discovered:
D:1:      onia_arrival_mini_spirals, layout_rooms, grunt_decor_resistance
D:2:      layout_basic
D:3:      layout_rooms, nicolae_overflow_hidden_temple
D:4:      layout_basic, grunt_gozag_breadcrumbs, gup_ossuary_entry_pyramid
D:5:      layout_basic, mainiacjoe_overflow_catwalk, minmay_temple_entry_glass

Skill      XL: |  1  2  3  4  5 |
---------------+----------------+-----
Fighting       | 2 3 |  3.1
Stealth        | 1 2 3 |  3.2
Maces & Flails | 3 |  3.8
Dodging        | 2 |  2.5
Spellcasting   | |  1.7
Conjurations   | |  2.6

Action                   |  1- 3 |  4- 6 || total
-------------------------+-------+-------++-------
Melee: Mace              |   110 |   143 ||   253
       Tailslap          |    10 |    13 ||    23
       Punch             |       |     1 ||     1
 Cast: Kiss of Death     |     1 |       ||     1
Evoke: Wand              |       |    15 ||    15
  Use: Potion            |     1 |     4 ||     5
Armor: Ring mail         |    42 |    57 ||    99
       Leather armour    |     5 |       ||     5
Dodge: Dodged            |    48 |    70 ||   118

Table legend: (Time is in decaauts)
 A = Elapsed time spent in this place.
 B = Non-inter-level travel time spent in this place.
 C = Inter-level travel time spent in this place.
 D = Time resting spent in this place.
 E = Time spent auto-exploring this place.
 F = Levels seen in this place.
 G = Mean time per level.
                   A        B        C        D        E       F      G
               +--------+--------+--------+--------+--------+-----+--------+
         Total |   3144 |   3102 |     42 |    241 |   1837 |   6 |  524.0 |
       Dungeon |   2701 |   2659 |     42 |    106 |   1750 |   5 |  540.2 |
       Ossuary |    443 |    443 |      0 |    135 |     87 |   1 |  443.0 |
               +--------+--------+--------+--------+--------+-----+--------+

Top non-repeatable levels by time:
     D:2: 1200 daAuts
     D:3: 719 daAuts
     D:1: 463 daAuts
 Ossuary: 443 daAuts
     D:4: 312 daAuts
     D:5: 5 daAuts
